Map: 乌雷纳

Players

平步青云 - Winner!

  • Race: Terran Terran

电脑难度(艰难)

  • Race: Protoss Protoss

VOD

Have the link to the VOD?

Description

Time

  • Played on: Jan. 1, 2016, 3:14 a.m.
  • Length: 16:55
Show
View Real Time Build Order
Export as new Build Order

平步青云 Terran - Winner!

Build Orders:  

Get SALT Encoding   

  12  0:00  SCV  
  13  0:13  SCV  
  14  0:21  Supply Depot  
  14  0:25  SCV  
  15  0:43  SCV, Refinery  
  16  0:50  Barracks  
  16  0:55  SCV  
  17  1:07  SCV  
  18  1:19  SCV  
  19  1:28  Barracks  
  19  1:31  SCV  
  20  1:41  Supply Depot  
  20  1:42  Reaper  
  20  1:43  SCV  
  22  1:56  Orbital Command  
  22  2:04  Supply Depot  
  22  2:16  Command Center  
  22  2:22  Barracks Reactor  
  22  2:24  Barracks Tech Lab  
  22  2:27  SCV  
  23  2:32  Refinery  
  23  2:40  Engineering Bay  
  23  2:44  SCV  
  24  2:53  Reaper  
  25  3:17  Reaper x2  
  27  3:25  Reaper  
  28  3:29  SCV  
  28  3:31  SCV  
  30  3:35  Concussive Shells  
  30  3:40  Barracks  
  30  3:41  SCV  
  30  3:43  SCV  
  32  3:49  Reaper  
  32  3:53  SCV  
  34  3:59  Reaper  
  34  4:00  Reaper  
  36  4:05  SCV  
  37  4:12  Supply Depot  
  37  4:17  SCV  
  37  4:21  Reaper  
  38  4:31  Reaper  
  38  4:33  Reaper  
  38  4:35  Supply Depot  
  39  4:53  Reaper  
  39  4:58  Supply Depot  
  40  5:03  Reaper  
  40  5:04  Barracks Reactor  
  40  5:05  Reaper  
  42  5:14  SCV  
  43  5:19  Factory  
  43  5:26  SCV x2  
  45  5:33  Refinery  
  45  5:36  Reaper x2  
  45  5:38  SCV x2, Marauder  
  51  5:50  SCV  
  52  6:02  SCV  
  52  6:03  Marine  
  52  6:04  Marine  
  54  6:05  Marauder  
  54  6:07  Marine  
  54  6:08  Marine  
  54  6:09  Factory Reactor  
  59  6:12  Supply Depot  
  59  6:14  SCV  
  59  6:17  Starport  
  60  6:21  Marine  
  61  6:26  Marauder  
  61  6:29  SCV, Bunker  
  63  6:35  Supply Depot  
  57  6:41  SCV  
  47  6:55  Marine x2  
  47  6:56  Marauder, Marine x2  
  47  6:57  Supply Depot  
  47  7:00  Bunker  
  40  7:13  Marine x2  
  40  7:14  Marine x2  
  44  7:18  Marauder  
  40  7:31  Marine x2  
  40  7:32  Marine  
  40  7:36  Marine  
  40  7:39  Marauder  
  40  7:49  Marine x2  
  40  7:50  Marine  
  42  7:52  Hellion  
  42  7:53  Hellion  
  42  7:54  Marine  
  44  8:01  Marauder  
  44  8:07  Marine  
  26  9:37  Orbital Command  
  22  10:13  Supply Depot  
  22  10:15  Supply Depot  
  22  10:34  SCV  
  23  10:46  SCV  
  24  10:53  Barracks  
  24  11:01  Supply Depot  
  24  11:02  SCV  
  25  11:15  SCV  
  26  11:27  SCV  
  27  11:39  SCV  
  28  11:47  Barracks Tech Lab  
  28  11:51  SCV  
  29  11:56  Supply Depot  
  29  12:29  Marauder  
  31  12:35  SCV, Refinery  
  32  12:40  Refinery  
  32  12:51  Marauder  
  29  15:08  Orbital Command  
  28  16:13  Supply Depot  
  28  16:17  Supply Depot  
  28  16:19  Supply Depot  
  28  16:38  SCV  
Show
View Real Time Build Order
Export as new Build Order

电脑难度(艰难) Protoss 

Build Orders:  

Get SALT Encoding   

  12  0:01  Probe (Chrono Boost)  
  13  0:11  Probe (Chrono Boost)  
  14  0:20  Pylon  
  14  0:22  Probe (Chrono Boost)  
  15  0:38  Probe (Chrono Boost)  
  16  0:47  Assimilator  
  16  0:49  Probe (Chrono Boost)  
  17  0:50  Gateway  
  17  0:59  Probe (Chrono Boost)  
  17  1:02  Pylon  
  18  1:10  Probe (Chrono Boost)  
  19  1:22  Probe (Chrono Boost)  
  20  1:36  Zealot  
  22  1:40  Cybernetics Core  
  22  1:43  Gateway  
  22  1:47  Assimilator  
  22  1:59  Zealot  
  24  2:09  Pylon  
  24  2:22  Warp Gate  
  24  2:25  Stalker  
  26  2:31  Adept  
  28  2:46  Pylon  
  28  2:54  Zealot  
  30  3:00  Zealot  
  32  3:19  Stalker  
  32  3:26  Stalker  
  34  3:33  Pylon  
  36  3:49  Stalker  
  36  3:55  Probe (Chrono Boost), Adept  
  40  4:07  Probe (Chrono Boost)  
  41  4:16  Forge  
  41  4:17  Stalker  
  41  4:18  Probe (Chrono Boost)  
  43  4:29  Probe (Chrono Boost)  
  43  4:30  Stalker  
  46  4:33  Pylon  
  46  4:41  Probe (Chrono Boost)  
  47  4:52  Stalker, Probe (Chrono Boost)  
  50  5:03  Probe (Chrono Boost)  
  52  5:14  Probe (Chrono Boost)  
  52  6:04  Protoss Ground Weapons Level 1  
  52  6:08  Sentry  
  52  6:11  Gateway  
  54  6:13  Robotics Facility  
  54  6:15  Sentry  
  54  6:17  Twilight Council  
  54  6:18  Nexus  
  56  6:20  Pylon, Photon Cannon  
  56  6:29  Sentry  
  58  6:38  Sentry  
  56  6:46  Blink  
  52  6:49  Probe (Chrono Boost)  
  52  6:52  Adept  
  40  7:01  Probe (Chrono Boost), Observer  
  40  7:03  Sentry  
  33  7:13  Probe (Chrono Boost)  
  25  7:23  Observer  
  25  7:25  Probe (Chrono Boost)  
  26  7:30  Probe (Chrono Boost)  
  26  7:34  Sentry  
  26  7:36  Probe (Chrono Boost)  
  29  7:42  Probe (Chrono Boost)  
  27  7:59  Probe (Chrono Boost)  
  27  8:11  Probe (Chrono Boost)  
  28  8:29  Probe (Chrono Boost)  
Tags
 
Add a new tag
Caveats
  • Supply blocks, unpowered buildings, or Contaminate may cause inaccurate times.
  • Supply counts are checked every 10 seconds.